 Dungeon Crawl Stone Soup version 0.25.1-8-g42b30a86e7 (webtiles) character file.

Game seed: 13103048684854252024

4907 growler the Jinx (level 10, 0/50 HPs)
             Began as a Kobold Enchanter on Dec 19, 2020.
             Was a Believer of Vehumet.
             Slain by a three-headed hydra (12 damage)
             ... on level 9 of the Dungeon on Dec 20, 2020.
             The game lasted 00:42:20 (12423 turns).

growler the Jinx (Kobold Enchanter)                Turns: 12423, Time: 00:42:20

Health: 0/50       AC:  2    Str:  8    XL:     10   Next: 80%
Magic:  12/25      EV: 15    Int: 17    God:    Vehumet [**....]
Gold:   233        SH:  8    Dex: 16    Spells: 4/17 levels left

rFire    . . .     SeeInvis .   l - +2 dagger (venom)
rCold    . . .     Gourm    .   q - +2 buckler
rNeg     . . .     Faith    .   b - +0 robe
rPois    .         Spirit   .   (no helmet)
rElec    .         Reflect  .   (no cloak)
rCorr    +         Harm     .   (no gloves)
MR       .....                  (no boots)
Stlth    +++.......             (no amulet)
HPRegen  0.16/turn              y - ring of magical power
MPRegen  0.19/turn              K - ring of resist corrosion

@: no status effects
A: small, carnivore
a: Renounce Religion


You were on level 9 of the Dungeon.
You worshipped Vehumet.
Vehumet was pleased with you.
You were very full.

You visited 2 branches of the dungeon, and saw 10 of its levels.

You collected 342 gold pieces.
You spent 109 gold pieces at shops.

Inventory:

Hand Weapons
 a - a +1 dagger
 l - a +2 dagger of venom (weapon)
   (You took it off a kobold on level 3 of the Dungeon)
 F - a +0 hunting sling
   (You bought it in a shop on level 4 of the Dungeon)
Missiles
 f - 15 poisoned darts (quivered)
 r - a throwing net {!f}
 u - 86 sling bullets
Armour
 b - a +0 robe (worn)
 q - a +2 buckler (worn)
   (You found it on level 4 of the Dungeon)
Jewellery
 y - a ring of magical power (left hand)
   (You found it on level 4 of the Dungeon)
 K - a ring of resist corrosion (right hand)
   (You found it on level 8 of the Dungeon)
Wands
 c - a wand of disintegration (22)
   (You found it on level 5 of the Dungeon)
 t - a wand of flame (17)
   (You took it off Blork the orc on level 4 of the Dungeon)
 C - a wand of polymorph (7)
   (You took it off Eustachio on level 5 of the Dungeon)
 I - a wand of enslavement (10)
   (You found it on level 6 of the Dungeon)
Scrolls
 d - 3 scrolls of remove curse {@r2}
 h - a scroll of amnesia {unknown}
 i - 2 scrolls of enchant weapon {unknown}
 m - 3 scrolls of magic mapping {unknown}
 p - 2 scrolls of enchant armour {unknown}
 s - a scroll of fog {unknown}
 v - 2 scrolls of teleportation {@r4}
 x - a scroll of blinking {unknown}
 B - a scroll of random uselessness {unknown}
 D - a scroll of brand weapon {unknown}
 G - 5 scrolls of identify {@r1}
 J - a scroll of noise {unknown}
Potions
 g - a potion of haste {@q3}
 j - 3 potions of heal wounds {unknown}
 k - 2 potions of curing {unknown}
 n - a potion of degeneration {unknown}
 o - a potion of ambrosia
 w - 2 potions of invisibility {unknown}
 z - a potion of berserk rage {unknown}
 A - a potion of might {unknown}
 E - 2 potions of lignification {unknown}
 H - a potion of magic {unknown}
Comestibles
 e - 20 rations {!d}
 L - 8 chunks of flesh


   Skills:
 + Level 0.0 Fighting
 - Level 5.3 Short Blades
 - Level 2.4 Dodging
 - Level 4.0 Stealth
 - Level 5.6 Shields
 - Level 4.0 Spellcasting
 + Level 3.1 Conjurations
 - Level 9.0 Hexes
 + Level 8.6 Ice Magic


You had 4 spell levels left.
You knew the following spells:

 Your Spells              Type           Power        Failure   Level  Hunger
a - Corona                Hex            ####...      1%          1    None
b - Confusing Touch       Hex            ####....     1%          3    ###....
c - Dazzling Flash        Conj/Hex       ###...       4%          3    ###....
d - Tukima's Dance        Hex            ####....     1%          3    ###....
e - Freeze                Ice            ####         1%          1    None
x - Ensorcelled Hibernat  Hex/Ice        ####..       1%          2    ##.....

Your spell library contained the following spells:

 Spells                   Type           Power        Failure   Level  Hunger
 Shock                    Conj/Air       #...         9%          1    None
 Slow                     Hex            ####....     1%          2    ##.....
 Magic Dart               Conj           ##..         4%          1    None
 Beastly Appendage        Tmut           #.....       16%         1    None
 Blink                    Tloc           N/A          24%         2    ##.....
 Call Imp                 Summ           #.......     24%         2    ##.....
 Sticks to Snakes         Tmut           #.......     24%         2    ##.....
 Conjure Flame            Conj/Fire      #.......     26%         3    ###....
 Ice Form                 Ice/Tmut       ###.....     26%         4    ####...
 Mephitic Cloud           Conj/Pois/Air  #.......     30%         3    ###....
 Spider Form              Tmut/Pois      #.........   43%         3    ###....
 Blade Hands              Tmut           #.........   99%         5    ######.


Dungeon Overview and Level Annotations

Branches:
Dungeon (9/15)             Temple (1/1) D:6
   Lair: D:8-11         Orc: D:9-12

Altars:
Cheibriados
Dithmenos
Elyvilon
Fedhas
Gozag
Hepliaklqana
Makhleb
Nemelex Xobeh
Okawaru
Qazlal
Ru
Sif Muna
Vehumet
Wu Jian
Xom
Yredelemnul
Zin
The Shining One

Shops:
D:4 %(?(?   D:7 (

Annotations:
D:5 3 runed translucent doors, Fortress's ghost, weakling DrIE; raorwig's ghost, novice GnAM


Innate Abilities, Weirdness & Mutations

You are small and have problems with some larger weapons.
You are carnivorous and can eat meat at any time.


Message History

You see here a dagger.
e - 16 rations {!d} (gained 1)
e - 17 rations {!d} (gained 1)
e - 18 rations {!d} (gained 1)
There is an open gate here.
e - 19 rations {!d} (gained 1)
e - 20 rations {!d} (gained 1)
You open the door.
A hydra and a big kobold come into view.
The three-headed hydra roars!
Found a scroll of teleportation and a halberd.
Aim: a big kobold, wielding a +0 dagger (wandering, hasn't noticed you, chance to defeat MR: 62%)
Okay, then.
Aim: a three-headed hydra (chance to defeat MR: 27%)
The three-headed hydra resists with almost no effort.
The big kobold shouts!
Aim: a three-headed hydra (chance to defeat MR: 27%)
The three-headed hydra looks drowsy...
The helpless three-headed hydra fails to defend itself.
You skewer the three-headed hydra like a kebab!!!
The three-headed hydra bites you!
The three-headed hydra closely misses you.
You block the three-headed hydra's attack.
The three-headed hydra bites you.
The three-headed hydra barely misses you.
You block the three-headed hydra's attack.
There is an open gate, spattered with blood here.
The big kobold is dazzled.
The three-headed hydra is dazzled.
The big kobold hits you with a +0 dagger.
The big kobold shouts!
You block the big kobold's attack.
You hit the three-headed hydra.
The three-headed hydra is no longer blind.
The big kobold is no longer blind.
The big kobold misses you. The three-headed hydra bites you!
The three-headed hydra closely misses you.
The three-headed hydra misses you. You block the big kobold's attack.
The big kobold is dazzled.
The three-headed hydra bites you!
* * * LOW HITPOINT WARNING * * *
You block the three-headed hydra's attack.
The three-headed hydra completely misses you.
The big kobold misses you.
You see here a big kobold skeleton.
The big kobold is no longer blind.
You see here a dagger.
You see here a +0 dagger.
The three-headed hydra bites you!
* * * LOW HITPOINT WARNING * * *
The three-headed hydra bites you!
You die...

....###.............(.)##...#
...## #...............## .#
..## #.......######..# ..#
#..####..# ##.## .######.##
##.# #..########## ....##..#
#.## #(##PP≈P.+).# ###....##
#..###÷##P≈)≈≈#.?# #....##
##.##..##≈.P≈P##'# #.....#
#..@D..##÷....#..# ##..##..#
#..####K).≈....'..# #...#
..##...# ##.#...P.'..#
##..###.....## ###≈....'..#
#...#......# #.....#..#
#......###.# ##########
....#### #.. ..### ..#


You could see a three-headed hydra and a big kobold.

Vanquished Creatures
  3 hippogriffs
  2 dream sheep (D:9)
  2 yaks (D:9)
  A wyvern (D:8)
  Eustachio (D:5)
  A hungry ghost (D:7)
  Duvessa (D:5)
  2 ice beasts
  An orc warrior (D:7)
  2 sky beasts (D:8)
  A necrophage (D:9)
  2 phantoms
  A black bear (D:8)
  An ogre (D:4)
  3 centaurs
  3 big kobolds
  Blork the orc (D:4)
  3 bullfrogs
  A water moccasin zombie (D:7)
  Dowan (D:5)
  A wyvern skeleton (D:8)
  A scorpion (D:5)
  2 water moccasin skeletons
  5 howler monkeys
  A bullfrog zombie (D:8)
  A quasit (D:7)
  3 jellies
  3 hounds
  8 orc wizards
  2 orc priests
  Jessica (D:2)
  2 centaur skeletons
  4 worker ants
  An iguana (D:8)
  2 hound skeletons
  9 gnolls
  10 adders
  A shadow imp (D:8)
  An ooze (D:4)
  An adder zombie (D:5)
  2 worms (D:5)
  A dart slug (D:1)
  7 leopard geckos
  31 orcs
  4 giant cockroaches
  4 goblins
  7 hobgoblins
  8 jackals
  3 quokkas
  6 bats
  2 frilled lizards (D:1)
  13 kobolds
  A leopard gecko skeleton (D:6)
  7 rats
188 creatures vanquished.

Notes
Turn   | Place    | Note
-------+----------+-------------------------------------------
     0 | D:1      | growler the Kobold Enchanter began the quest for the Orb.
     0 | D:1      | Reached XP level 1. HP: 10/10 MP: 3/3
   422 | D:1      | Reached XP level 2. HP: 6/15 MP: 5/5
   503 | D:1      | Learned a level 2 spell: Ensorcelled Hibernation
   992 | D:1      | Reached XP level 3. HP: 19/19 MP: 6/6
  1609 | D:2      | Noticed Jessica
  1611 | D:2      | Killed Jessica
  1611 | D:2      | Reached skill level 1 in Ice Magic
  1611 | D:2      | Reached XP level 4. HP: 24/24 MP: 6/8
  2556 | D:2      | Learned a level 3 spell: Confusing Touch
  3058 | D:3      | Reached XP level 5. HP: 4/28 MP: 6/9
  3810 | D:3      | Found an ornate altar of the Wu Jian Council.
  3852 | D:3      | Reached skill level 4 in Hexes
  4227 | D:4      | Found Wotiocosk's Magic Scroll Shoppe.
  4234 | D:4      | Reached XP level 6. HP: 32/32 MP: 8/11
  4446 | D:4      | Found Loxtexes's Antique Weapon Shoppe.
  4453 | D:4      | Bought a hunting sling for 37 gold pieces
  4464 | D:4      | Noticed an ogre
  4482 | D:4      | Killed an ogre
  4732 | D:4      | Reached XP level 7. HP: 21/36 MP: 3/13
  4925 | D:4      | Bought a scroll of remove curse for 36 gold pieces
  4925 | D:4      | Bought a scroll of teleportation for 36 gold pieces
  4979 | D:4      | Noticed Blork the orc
  4982 | D:4      | Killed Blork the orc
  5013 | D:4      | Reached skill level 5 in Short Blades
  5302 | D:4      | Learned a level 3 spell: Tukima's Dance
  5476 | D:4      | Found Duaseot's Magic Scroll Shop.
  5492 | D:4      | Reached skill level 5 in Hexes
  5579 | D:4      | Found a sparkling altar of Nemelex Xobeh.
  5580 | D:4      | Found a burning altar of Makhleb.
  5582 | D:4      | Found an opulent altar of Gozag.
  5689 | D:4      | Found Hoholumi's Food Emporium.
  5904 | D:4      | Found Dekob's Antique Weapon Shoppe.
  5948 | D:5      | Entered Level 5 of the Dungeon
  6046 | D:5      | Noticed Eustachio
  6054 | D:5      | Killed Eustachio
  6054 | D:5      | Reached skill level 1 in Shields
  6054 | D:5      | Reached XP level 8. HP: 41/41 MP: 11/14
  6070 | D:5      | Learned a level 3 spell: Dazzling Flash
  6126 | D:5      | Found the cursed +13 scythe of Curses {drain, *Curse}
  6142 | D:5      | Found a runed translucent gate.
  6142 | D:5      | Found a runed translucent gate.
  6142 | D:5      | Found a runed translucent gate.
  6144 | D:5      | Noticed Fortress's ghost (weakling DrIE)
  6145 | D:5      | Noticed raorwig's ghost (novice GnAM)
  6671 | D:5      | Noticed Duvessa
  6672 | D:5      | Noticed Dowan
  6678 | D:5      | Killed Duvessa
  6678 | D:5      | Reached skill level 6 in Hexes
  6681 | D:5      | Killed Dowan
  6681 | D:5      | Reached skill level 5 in Ice Magic
  7173 | D:6      | Found a glowing golden altar of the Shining One.
  7350 | D:6      | Found a glowing silver altar of Zin.
  7350 | D:6      | Noticed an angel
  7366 | D:6      | Reached XP level 9. HP: 43/45 MP: 15/15
  7431 | D:6      | Found a shimmering altar of Xom.
  7494 | D:6      | Found a staircase to the Ecumenical Temple.
  7523 | Temple   | Entered the Ecumenical Temple
  7708 | Temple   | Became a worshipper of Vehumet
  8185 | D:6      | Found a hazy altar of Hepliaklqana.
  8186 | D:6      | Found a shadowy altar of Dithmenos.
  8379 | D:7      | Noticed a hippogriff
  8419 | D:6      | Killed a hippogriff
  8419 | D:6      | Reached skill level 7 in Hexes
  8779 | D:7      | Found Somy's Weapon Emporium.
  9065 | D:7      | Found an iron altar of Okawaru.
  9882 | D:8      | Reached * piety under Vehumet
  9882 | D:8      | Offered knowledge of Freeze by Vehumet.
  9885 | D:8      | Learned a level 1 spell: Freeze
 10001 | D:8      | Reached XP level 10. HP: 25/50 MP: 16/16
 10183 | D:8      | Reached skill level 8 in Hexes
 10338 | D:8      | Reached skill level 5 in Shields
 11825 | D:9      | Reached skill level 1 in Conjurations
 12064 | D:9      | Reached skill level 9 in Hexes
 12317 | D:9      | Reached ** piety under Vehumet
 12317 | D:9      | Offered knowledge of Shock by Vehumet.
 12402 | D:9      | Noticed a three-headed hydra
 12423 | D:9      | Slain by a three-headed hydra

Illustrated notes

Levels and vault maps discovered:
D:1:      heliophobic_arrival_ceremonial_halls, layout_basic
D:2:      layout_basic, kennysheep_generic_room_8, uniq_jessica
D:3:      layout_basic, lemuel_coloured_pillars_altar, gup_sewer_entry_bowl,
          first_ration, nrook_loot_triangle
D:4:      layout_loops_ring, gammafunk_temple_overflow_claw, serial_shops,
          nicolae_shop_window_shopping, shop, shop,
          nicolae_shop_competitors_out_of_business, shop, uniq_blork_the_orc
D:5:      layout_basic, gammafunk_ghost_cemetery, uniq_duvessa, uniq_eustachio
D:6:      layout_gridville, grunt_temple_overflow_order_and_chaos_1,
          riverfiend_overflow_shadow_ancestor, kennysheep_mini,
          minmay_temple_entry_wispy
D:7:      layout_loops_ring, basic_altar, serial_shops, nicolae_shop_stone
D:8:      layout_basic
D:9:      layout_layer_cave, trog_ov_bears_minmay, grunt_temple_overflow_open,
          dancing_weapons_uskayaw, hangedman_ranch [blue_anna_fruit_fields],
          uniq_erolcha, uniq_erica
Temple:   jpeg_temple_island

Skill      XL: |  1  2  3  4  5  6  7  8  9 10 |
---------------+-------------------------------+-----
Short Blades   | 2 3 4 5 |  5.3
Ice Magic      | 1 2 4 5 7 8 |  8.6
Spellcasting   | 3 4 |  4.0
Hexes          | 4 5 6 7 9 |  9.0
Shields        | 1 3 4 5 |  5.6
Conjurations   | 3 |  3.1
Dodging        | |  2.4
Stealth        | |  4.0

Action                   |  1- 3 |  4- 6 |  7- 9 | 10-12 || total
-------------------------+-------+-------+-------+-------++-------
Melee: Dagger            |    79 |   133 |   234 |   154 ||   600
 Cast: Ensorcelled Hiber |     2 |    31 |    61 |    43 ||   137
       Corona            |       |     3 |     2 |     1 ||     6
       Confusing Touch   |       |       |     7 |     9 ||    16
       Dazzling Flash    |       |       |       |     5 ||     5
  Use: Scroll            |       |     2 |       |     1 ||     3
 Stab: Sleeping          |     7 |    27 |    51 |    23 ||   108
       Confused          |       |       |     8 |    11 ||    19
       Distracted        |       |       |     1 |       ||     1
       Invisible         |       |       |       |     1 ||     1
  Eat: Chunk             |     7 |    14 |    25 |    14 ||    60
Armor: Robe              |     7 |    11 |    17 |     7 ||    42
Dodge: Dodged            |    50 |    82 |    91 |    81 ||   304
Block: Buckler           |       |       |    63 |    39 ||   102
